 Dungeon Crawl Stone Soup version 0.26.1-11-gd32895ea62 (webtiles) character file.

Game seed: 14005330164049478687

37824 ZappyNine the Impaler (level 13, -23/111 HPs)
             Began as a Merfolk Gladiator on June 6, 2021.
             Was an Elder of the Shining One.
             Annihilated by Rupert
             ... wielding a +7 great mace of protection
              (45 damage)
             ... on level 6 of the Lair of Beasts.
             The game lasted 00:23:55 (16948 turns).

ZappyNine the Impaler (Merfolk Gladiator)          Turns: 16948, Time: 00:23:56

Health: -23/111    AC: 14    Str: 14    XL:     13   Next: 99%
Magic:  21/21      EV: 24    Int:  8    God:    the Shining One [****..]
Gold:   1267       SH:  5    Dex: 20    Spells: 12/12 levels left

rFire    . . .     SeeInvis .   G - +3 trident (freeze)
rCold    + . .     Faith    .   (no shield)
rNeg     + + +     Spirit   .   I - +4 acid dragon scales
rPois    +         Reflect  +   u - +2 helmet
rElec    .         Harm     .   r - +0 cloak
rCorr    +         Rampage  .   (no gloves)
Will     .....                  (no boots)
Stlth    +.........             i - amulet of reflection
HPRegen  0.68/turn              h - ring of protection from cold
MPRegen  0.17/turn              C - ring of positive energy

@: glowing
A: change form in water, swift swim, stealthy swim, poison resistance,
regeneration 1
a: Renounce Religion, Divine Shield, Cleansing Flame


You were on level 6 of the Lair of Beasts.
You worshipped the Shining One.
The Shining One was greatly pleased with you.
You visited 3 branches of the dungeon, and saw 19 of its levels.

You collected 1267 gold pieces.

Inventory:

Hand Weapons
 x - a +4 spear
 G - a +3 trident of freezing (weapon)
Missiles
 d - 5 throwing nets (quivered)
Armour
 b - a +0 leather armour
 r - a +0 cloak (worn)
 u - a +2 helmet (worn)
 I - +4 acid dragon scales (worn)
Jewellery
 e - an uncursed amulet of magic regeneration
 h - a ring of protection from cold (left hand)
 i - an amulet of reflection (around neck)
 p - an uncursed amulet of faith
 C - a ring of positive energy (right hand)
 J - an uncursed amulet of the acrobat
Wands
 z - a wand of digging (7)
 D - a wand of disintegration (14)
 E - a wand of flame (66)
 H - a wand of enslavement (6)
 K - a wand of paralysis (10)
Scrolls
 c - 4 scrolls of identify
 f - 13 scrolls of remove curse
 g - 4 scrolls of magic mapping
 j - 4 scrolls of fear
 k - 4 scrolls of noise
 l - a scroll of fog
 m - a scroll of immolation
 t - 2 scrolls of amnesia
 w - 4 scrolls of blinking
 y - 4 scrolls of teleportation
Potions
 a - 3 potions of might
 n - a potion of mutation
 o - a potion of haste
 s - 2 potions of brilliance
 v - 5 potions of ambrosia
 A - 3 potions of curing
 B - a potion of magic
 F - 2 potions of degeneration
 L - 2 potions of berserk rage
 M - a potion of resistance


   Skills:
 - Level 13.5 Fighting
 - Level 17.1 Polearms
 - Level 2.0 Throwing
 + Level 0.0 Armour
 - Level 15.6 Dodging
 - Level 10.9 Invocations


You had 12 spell levels left.
You didn't know any spells.
Your spell library contained the following spells:

 Spells                   Type           Power        Failure   Level
 Animate Skeleton         Necr           0%           54%         1
 Apportation              Tloc           0%           54%         1
 Corona                   Hex            0%           54%         1
 Pain                     Necr           0%           54%         1
 Summon Small Mammal      Summ           0%           54%         1
 Vampiric Draining        Necr           0%           88%         3
 Animate Dead             Necr           0%           99%         4
 Agony                    Necr           0%           100%        5


Dungeon Overview and Level Annotations

Branches:
Dungeon (12/15)            Temple (1/1) D:4            Lair (6/6) D:10
  Swamp (0/4) Lair:2       Spider (0/4) Lair:3          Orc (0/2) D:10
  Slime: Lair:5-6

Altars:
Ashenzari
Cheibriados
Dithmenos
Elyvilon
Fedhas
Gozag
Hepliaklqana
Kikubaaqudgha
Makhleb
Nemelex Xobeh
Okawaru
Qazlal
Ru
Sif Muna
Trog
Uskayaw
Vehumet
Wu Jian
Xom
Yredelemnul
Zin
The Shining One

Annotations:
D:10 3 runed translucent doors, Gorgoleon's ghost, novice DECj
Lair:2 2 transporters, Kotami's ghost, journeyman OpFi
Lair:6 Rupert


Innate Abilities, Weirdness & Mutations

You revert to your normal form in water.
You are very nimble and swift while swimming.
You are very stealthy in the water. (Stealth+)
Your system is resistant to poisons. (rPois)
Your natural rate of healing is unusually fast.


Message History

You are too injured to fight recklessly!
You are too injured to fight recklessly!
You are too injured to fight recklessly!
You are too injured to fight recklessly!
Unknown command.
Unknown command.
The black mamba completely misses you. The black mamba bites you.
* * * LOW HITPOINT WARNING * * *
Unknown command.
Rupert barely misses you.
There is a stone staircase leading up here.
Unknown command.
Unknown command.
There are no items here.
Unknown command.
Unknown command.
Unknown command.
The black mamba barely misses you. x2
Rupert hits you with a +7 great mace of protection!!!
You die...

♣....#
♣♣♣.....#.
.....(...##
.......#.#
#......[.# #
#........#
#.#........##
#.@........#
###.S@...)...#
#............#
#............#
#...........P#
##.........[##
#..........#
............#
#.#........###


You could see Rupert (berserk) and a black mamba.

Vanquished Creatures
  12 hydras
  Fannar (Lair:1)
  Erica (D:8)
  An ugly thing (D:11)
  A cyclops (D:10)
  2 oklob plants (Lair:4)
  5 elephants (Lair:5)
  A black mamba (Lair:4)
  Maggie (D:8)
  8 cane toads
  2 rime drakes
  A gargoyle (D:10)
  A centaur skeleton (D:11)
  Psyche (D:8)
  A demonic crawler (Lair:3)
  16 komodo dragons
  2 polar bears (Lair:4)
  A merfolk (D:9)
  12 dream sheep
  38 yaks
  3 wyverns
  4 basilisks
  Edmund (D:4)
  4 swamp worms (Lair:2)
  6 orc warriors
  6 water moccasins
  An ice beast (D:8)
  A black bear (D:10)
  2 sky beasts
  3 ogres
  A phantom (D:10)
  2 centaurs
  7 wolves
  A big kobold (D:7)
  16 bullfrogs
  2 wyvern zombies
  2 wyvern skeletons
  3 scorpions
  3 killer bees (D:8)
  A vampire bat (D:5)
  12 wights
  2 howler monkeys
  5 electric eels
  A quasit (D:7)
  9 orc priests
  3 jellies
  3 bullfrog skeletons
  6 hounds
  10 orc wizards
  4 iguanas
  8 worker ants
  A killer bee zombie (D:7)
  A worker ant zombie (D:9)
  8 gnolls
  A howler monkey skeleton (D:5)
  8 adders
  3 white imps
  An ooze (D:3)
  An adder skeleton (D:4)
  2 worms
  5 dart slugs
  3 fire bats (D:5)
  2 leopard geckos
  36 orcs
  2 spectral bats (D:5)
  A ball python (D:1)
  3 bat skeletons (D:5)
  A bat zombie (D:5)
  9 giant cockroaches
  9 goblins
  6 hobgoblins
  2 jackals (D:3)
  4 quokkas
  18 bats
  A bat simulacrum (D:5)
  4 frilled lizards
  12 kobolds
  A leopard gecko zombie (D:5)
  8 rats
393 creatures vanquished.

Vanquished Creatures (others)
  An orc (D:3)
  23 fungi
  34 plants
58 creatures vanquished.

Grand Total: 451 creatures vanquished

Notes
Turn   | Place    | Note
-------+----------+-------------------------------------------
     0 | D:1      | ZappyNine the Merfolk Gladiator began the quest for the
                  | Orb.
     0 | D:1      | Reached XP level 1. HP: 16/16 MP: 1/1
   127 | D:1      | Reached XP level 2. HP: 23/23 MP: 2/2
   130 | D:1      | Reached skill level 5 in Polearms
   417 | D:1      | Reached XP level 3. HP: 29/29 MP: 3/3
  1501 | D:2      | Reached XP level 4. HP: 37/37 MP: 4/4
  1779 | D:2      | Reached skill level 6 in Polearms
  2018 | D:3      | Gained mutation: Your natural rate of healing is unusually
                  | fast. [potion of mutation]
  2018 | D:3      | Gained mutation: You expend magic power (3 MP) to
                  | strengthen your wands. [potion of mutation]
  2018 | D:3      | Lost mutation: You expend magic power (3 MP) to strengthen
                  | your wands. [potion of mutation]
  2018 | D:3      | Gained mutation: Your system is resistant to poisons.
                  | (rPois) [potion of mutation]
  2135 | D:3      | Reached XP level 5. HP: 41/42 MP: 5/5
  2287 | D:3      | Reached skill level 5 in Dodging
  2565 | D:3      | Reached XP level 6. HP: 42/49 MP: 6/6
  2568 | D:3      | Reached skill level 7 in Polearms
  3017 | D:3      | Found a hide-covered altar of Uskayaw.
  3408 | D:4      | Noticed Edmund
  3420 | D:4      | Killed Edmund
  3421 | D:4      | Reached skill level 5 in Fighting
  3421 | D:4      | Reached XP level 7. HP: 56/56 MP: 7/7
  3460 | D:4      | Found a staircase to the Ecumenical Temple.
  3472 | Temple   | Entered the Ecumenical Temple
  4039 | D:5      | Entered Level 5 of the Dungeon
  4081 | D:5      | Reached skill level 8 in Polearms
  4407 | D:5      | Reached XP level 8. HP: 20/64 MP: 8/8
  4735 | D:5      | Reached skill level 9 in Polearms
  5255 | D:6      | Found an ancient bone altar of Kikubaaqudgha.
  5342 | D:6      | Found a snail-covered altar of Cheibriados.
  5634 | D:6      | Found a glowing golden altar of the Shining One.
  5872 | D:6      | Became a worshipper of the Shining One
  5952 | D:7      | Found a glowing silver altar of Zin.
  6014 | D:7      | Reached skill level 10 in Polearms
  6232 | D:7      | Identified the +6 falchion of the Puffin {chaos, rN+ Int+4
                  | SInv}
  6257 | D:7      | Reached XP level 9. HP: 63/72 MP: 9/9
  6264 | D:7      | Reached * piety under the Shining One
  6755 | D:8      | Noticed Psyche
  6761 | D:8      | Killed Psyche
  6829 | D:8      | Reached skill level 11 in Polearms
  6840 | D:8      | Noticed Maggie
  6861 | D:8      | Killed Maggie
  6957 | D:8      | Reached skill level 10 in Dodging
  7252 | D:8      | Noticed Erica
  7285 | D:8      | Killed Erica
  7286 | D:8      | Reached skill level 12 in Polearms
  7286 | D:8      | Reached XP level 10. HP: 54/83 MP: 10/10
  7843 | D:9      | Reached skill level 10 in Fighting
  7875 | D:9      | Reached skill level 13 in Polearms
  7875 | D:9      | Reached ** piety under the Shining One
  7976 | D:9      | Noticed a seven-headed hydra
  8004 | D:9      | Killed a seven-headed hydra
  8554 | D:10     | Entered Level 10 of the Dungeon
  8554 | D:10     | Found a staircase to the Orcish Mines.
  8571 | D:10     | Reached skill level 1 in Invocations
  8604 | D:10     | Noticed a cyclops
  8631 | D:10     | Killed a cyclops
  8632 | D:10     | Reached XP level 11. HP: 67/92 MP: 11/13
  8821 | D:10     | Reached skill level 5 in Invocations
  8837 | D:10     | Found a staircase to the Lair.
  9045 | D:10     | Found a runed translucent gate.
  9045 | D:10     | Found a runed translucent gate.
  9045 | D:10     | Found a runed translucent gate.
  9045 | D:10     | Noticed Gorgoleon's ghost (novice DECj)
  9046 | D:10     | Noticed a nine-headed hydra
  9344 | D:11     | Noticed a purple ugly thing
  9388 | D:11     | Killed a purple ugly thing
 10101 | D:11     | Reached *** piety under the Shining One
 10863 | D:12     | Noticed a two-headed ogre
 11000 | Lair:1   | Entered Level 1 of the Lair of Beasts
 11293 | Lair:1   | Noticed Fannar
 11374 | Lair:1   | Killed Fannar
 11375 | Lair:1   | Reached skill level 10 in Invocations
 11505 | Lair:1   | Noticed a seven-headed hydra
 11536 | Lair:1   | Killed a seven-headed hydra
 11544 | Lair:1   | Reached XP level 12. HP: 57/98 MP: 18/20
 11804 | Lair:1   | Noticed a five-headed hydra
 11817 | Lair:1   | Killed a five-headed hydra
 11834 | Lair:1   | Noticed a five-headed hydra
 11842 | Lair:1   | Killed a five-headed hydra
 11843 | Lair:1   | Reached skill level 14 in Polearms
 12406 | Lair:2   | Noticed a six-headed hydra
 12417 | Lair:2   | Killed a six-headed hydra
 12462 | Lair:2   | Noticed a death yak
 12462 | Lair:2   | Noticed Kotami's ghost (journeyman OpFi)
 12472 | Lair:2   | Found a transporter.
 13150 | Lair:2   | Noticed a five-headed hydra
 13166 | Lair:2   | Killed a five-headed hydra
 13271 | Lair:2   | Found a staircase to the Swamp.
 13275 | Lair:2   | Noticed a seven-headed hydra
 13285 | Lair:2   | Killed a seven-headed hydra
 13286 | Lair:2   | Reached skill level 15 in Polearms
 13412 | Lair:2   | Noticed a five-headed hydra
 13426 | Lair:2   | Found a transporter.
 13901 | Lair:3   | Noticed a four-headed hydra
 13911 | Lair:3   | Killed a four-headed hydra
 13912 | Lair:3   | Reached XP level 13. HP: 90/108 MP: 21/21
 14481 | Lair:3   | Found a hole to the Spider Nest.
 14727 | Lair:4   | Reached skill level 16 in Polearms
 15588 | Lair:4   | Reached skill level 15 in Dodging
 16171 | Lair:5   | Reached **** piety under the Shining One
 16330 | Lair:5   | Reached skill level 17 in Polearms
 16935 | Lair:6   | Entered Level 6 of the Lair of Beasts
 16935 | Lair:6   | Noticed Rupert
 16948 | Lair:6   | Annihilated by Rupert

Illustrated notes

Levels and vault maps discovered:
D:1:      matt_arrival_refuge, layout_loops_corners
D:2:      layout_basic, hangedman_decor_push
D:3:      layout_basic, lemuel_round_altar, serial_glass, glass_columns_a,
          glass_columns_b
D:4:      layout_basic, minmay_temple_entry_mini_moons, uniq_edmund
D:5:      layout_basic, goddamned_bats
D:6:      layout_cave_pools, kennysheep_slug_shrine,
          nicolae_tso_carved_into_rock, lemuel_doored_altar
D:7:      layout_loops_ring, zin_statuary
D:8:      layout_loops_ring, corexii_leaking_fountain, uniq_maggie, uniq_psyche,
          uniq_erica
D:9:      layout_loops_cross, hangedman_fish_farm
D:10:     layout_rooms, grunt_lair_entry_orc_guard_hut, david_orc_3,
          gammafunk_ghost_hydra_chop
D:11:     layout_layer_cave, nicolae_water_bricks, grunt_ministairs_7
D:12:     layout_long_grid
Temple:   minmay_temple_bridge_d
Lair:1:   layout_cave_pods, grunt_megastairs_2, serial_bayou_shore_a,
          uniq_fannar
Lair:2:   layout_long_grid, palyth_hydra_swamp_entry,
          gammafunk_ghost_berserking_beasts, grunt_megastairs_3
Lair:3:   layout_chaotic_city, nicolae_spider_entry_non_spiders,
          beast_lair_carwin_8, lemuel_fruit_fields
Lair:4:   layout_long_grid, grunt_megastairs_1, minmay_lair_oklob_chamber
Lair:5:   layout_roguey, serial_bayou_pond_a, serial_bayou_shore_b
Lair:6:   minmay_lair_end_frog_pond, layout_cave_pods, dpeg_slime_entry_corner,
          nicolae_volcano_entry_s_turn, st_stairs_7, minmay_stone_trees_medium,
          uniq_rupert, uniq_sonja, uniq_josephine

Skill      XL: |  1  2  3  4  5  6  7  8  9 10 11 12 13 |
---------------+----------------------------------------+-----
Polearms       | 5 6 7 8 10 12 13 15 17 | 17.1
Fighting       | 3 4 5 6 7 9 10 12 13 | 13.5
Dodging        | 5 6 7 8 10 12 14 15 | 15.6
Invocations    | 3 10 | 10.9
Throwing       | |  2.0

Action                   |  1- 3 |  4- 6 |  7- 9 | 10-12 | 13-15 || total
-------------------------+-------+-------+-------+-------+-------++-------
Melee: Trident           |   108 |   204 |   148 |   442 |   478 ||  1380
       Halberd           |       |       |   291 |   104 |       ||   395
       Spear             |       |       |       |   414 |       ||   414
       Tailslap          |       |       |       |     7 |       ||     7
Invok: Divine Shield     |       |       |       |     1 |       ||     1
  Use: Potion            |       |     6 |     2 |    10 |       ||    18
       Scroll            |       |       |    16 |     7 |     7 ||    30
 Stab: Sleeping          |     4 |     1 |     6 |       |       ||    11
       Invisible         |       |     1 |       |       |       ||     1
Armor: Leather armour    |    20 |    20 |    71 |    57 |       ||   168
       Skin              |       |       |    28 |       |       ||    28
       Acid dragon scale |       |       |       |    22 |    46 ||    68
Dodge: Dodged            |    59 |   109 |   303 |   512 |   320 ||  1303
Block: Other             |       |       |     3 |   125 |    61 ||   189
       Reflection        |       |       |       |     1 |       ||     1
